[Event "European Women Rapid-ch 2023"]
[Site "Monaco"]
[Date "2024.01.14"]
[Round "11.5"]
[White "Schippke, Manon"]
[Black "Salimova, Nurgyul"]
[Result "0-1"]
[ECO "B12"]
[WhiteElo "2162"]
[BlackElo "2426"]
[Annotator "RC"]
[PlyCount "80"]
[EventDate "2023.12.19"]
[EventType "swiss"]
[EventCountry "MNC"]
[SourceTitle "playchess.com"]
[Source "ChessBase"]
[SourceQuality "1"]
[TimeControl "900+10"]

1. e4 c6 2. d4 d5 3. e5 Bf5 4. c4 e6 5. Nc3 Ne7 6. a3 dxc4 7. Bxc4 Nd7 8. Nge2 h5 9. Bg5 Nb6 10. Bb3 h4 11. h3 Qd7 12. O-O Ng6 13. Rc1 Be7 14. Qd2 f6 15. exf6 gxf6 16. Be3 O-O-O 17. a4 Ne5 18. Nf4 Nec4 19. Qe2 Nxe3 20. fxe3 Kb8 21. Rcd1 Nd5 22. e4 Nxf4 23. Rxf4 Bg6 24. Qf2 f5 25. exf5 Bxf5 26. Kh1 Bg5 27. Rf3 Qd6 28. d5 cxd5 29. Bxd5 Qb6 30. Qe2 a6 31. Rff1 Ka7 32. Qe5 Rhf8 33. b4 Bf6 34. a5 Bxe5 35. axb6+ Kxb6 36. Na4+ Kb5 37. Bb3 Rxd1 38. Bxd1 Kxb4 39. Nb6 Rd8 40. Bf3 Bd4 0-1

[Event "European Women Rapid-ch 2023"]
[Site "Monaco"]
[Date "2024.01.14"]
[Round "11.6"]
[White "Agrest, Inna"]
[Black "Khademalsharieh, Sarasadat"]
[Result "0-1"]
[ECO "C70"]
[WhiteElo "2287"]
[BlackElo "2486"]
[Annotator "RC"]
[PlyCount "98"]
[EventDate "2023.12.19"]
[EventType "swiss"]
[EventCountry "MNC"]
[SourceTitle "playchess.com"]
[Source "ChessBase"]
[SourceQuality "1"]
[TimeControl "900+10"]

1. e4 e5 2. Nf3 Nc6 3. Bb5 a6 4. Ba4 Nge7 5. c3 f6 6. d3 d5 7. Qe2 Be6 8. Nbd2 Ng6 9. Nf1 Qd7 10. b4 d4 11. b5 axb5 12. Bxb5 dxc3 13. Ng3 Bb4 14. O-O O-O 15. Rd1 Qf7 16. d4 Nxd4 17. Nxd4 exd4 18. Rxd4 Bc5 19. Rd1 c6 20. Bd3 Rxa2 21. Rxa2 Bxa2 22. Nf5 b5 23. Bh6 Rd8 24. Bxg7 Qe6 25. Bxf6 Qxf6 26. Qxa2+ Kh8 27. Qc2 Ne5 28. Be2 b4 29. h3 Rb8 30. Qb3 Qf7 31. Qc2 Ng6 32. Bh5 Qf6 33. Qb3 Ne7 34. Qc4 Nxf5 35. Qxc5 Ng7 36. Be2 Qf8 37. Qxc6 Rc8 38. Qd5 c2 39. Rc1 Qg8 40. Qd4 b3 41. Bg4 Rd8 42. Qb2 Qc4 43. Re1 Qb4 44. Rc1 Qd2 45. Ra1 Qd4 46. Qxd4 Rxd4 47. Ra8+ Ne8 48. Rxe8+ Kg7 49. Rc8 b2 0-1

[Event "European Women Rapid-ch 2023"]
[Site "Monaco"]
[Date "2024.01.14"]
[Round "11.7"]
[White "Osmak, Yuliia"]
[Black "Batsiashvili, Nino"]
[Result "0-1"]
[ECO "B01"]
[WhiteElo "2450"]
[BlackElo "2451"]
[Annotator "RC"]
[PlyCount "76"]
[EventDate "2023.12.19"]
[EventType "swiss"]
[EventCountry "MNC"]
[SourceTitle "playchess.com"]
[Source "ChessBase"]
[SourceQuality "1"]
[TimeControl "900+10"]

1. e4 d5 2. exd5 Qxd5 3. Nc3 Qa5 4. d4 Nf6 5. Nf3 Bf5 6. Bc4 e6 7. O-O c6 8. Bf4 Nbd7 9. Ne2 Be7 10. Ng3 Bg6 11. Nh4 Nd5 12. Nxg6 hxg6 13. Bd2 Qc7 14. Bb3 N7f6 15. Qf3 Rh4 16. c4 Nf4 17. Be3 O-O-O 18. Rfd1 g5 19. d5 exd5 20. cxd5 N6xd5 21. Bxd5 Nxd5 22. Qxf7 Bf6 23. Qxc7+ Kxc7 24. Nf5 Nxe3 25. fxe3 Rxd1+ 26. Rxd1 Ra4 27. Nd6 Bxb2 28. Ne8+ Kb6 29. Rd7 Rxa2 30. Nd6 a5 31. Rxb7+ Kc5 32. Ne4+ Kc4 33. Nxg5 a4 34. Ne6 a3 35. Kf2 Bc3+ 36. Kf3 Rd2 37. Rc7 a2 38. Rxc6+ Kb5 0-1

[Event "European Women Rapid-ch 2023"]
[Site "Monaco"]
[Date "2024.01.14"]
[Round "11.8"]
[White "Hoang, Thanh Trang"]
[Black "Gvetadze, Sofio"]
[Result "1-0"]
[ECO "A49"]
[WhiteElo "2382"]
[BlackElo "2298"]
[Annotator "RC"]
[PlyCount "89"]
[EventDate "2023.12.19"]
[EventType "swiss"]
[EventCountry "MNC"]
[SourceTitle "playchess.com"]
[Source "ChessBase"]
[SourceQuality "1"]
[TimeControl "900+10"]

1. d4 Nf6 2. Nf3 g6 3. g3 Bg7 4. Bg2 O-O 5. O-O d6 6. a4 Nbd7 7. a5 a6 8. Re1 e5 9. e4 exd4 10. Nxd4 Re8 11. Nc3 Nc5 12. h3 Ne6 13. Nxe6 Bxe6 14. e5 dxe5 15. Bxb7 Bxh3 16. Qxd8 Rexd8 17. Bxa8 Rxa8 18. Rxe5 Ng4 19. Re4 Ne5 20. f4 Nf3+ 21. Kf2 Nd4 22. Be3 Nxc2 23. Rc1 Nxe3 24. Kxe3 c5 25. Nd5 Bxb2 26. Rxc5 Rb8 27. Rb4 Re8+ 28. Kf2 Ba1 29. Rc1 Bg7 30. Rc6 Rd8 31. Nf6+ Bxf6 32. Rxf6 Be6 33. f5 gxf5 34. Rh6 Rd2+ 35. Ke3 Ra2 36. Rbh4 Rxa5 37. Rxh7 Kf8 38. Rh8+ Ke7 39. Rb4 Ra3+ 40. Kf4 a5 41. Rb7+ Kf6 42. Rh6+ Kg7 43. Rxe6 Ra4+ 44. Kxf5 Rb4 45. Ree7 1-0

[Event "European Women Rapid-ch 2023"]
[Site "Monaco"]
[Date "2024.01.14"]
[Round "11.9"]
[White "Navrotescu, Andreea"]
[Black "Vega Gutierrez, Sabrina"]
[Result "0-1"]
[ECO "D41"]
[WhiteElo "2222"]
[BlackElo "2378"]
[Annotator "RC"]
[PlyCount "96"]
[EventDate "2023.12.19"]
[EventType "swiss"]
[EventCountry "MNC"]
[SourceTitle "playchess.com"]
[Source "ChessBase"]
[SourceQuality "1"]
[TimeControl "900+10"]

1. c4 e6 2. Nc3 d5 3. d4 Nf6 4. cxd5 Nxd5 5. e4 Nxc3 6. bxc3 c5 7. Nf3 cxd4 8. cxd4 Bb4+ 9. Bd2 Bxd2+ 10. Qxd2 O-O 11. Bc4 Nd7 12. O-O b6 13. Rad1 Bb7 14. Rfe1 Rc8 15. Bb3 h6 16. Qf4 Qf6 17. Qg4 Rfd8 18. e5 Qe7 19. d5 exd5 20. Nd4 Qg5 21. Qxg5 hxg5 22. e6 fxe6 23. Nxe6 Re8 24. Nxg5 Rxe1+ 25. Rxe1 Nc5 26. h4 Nxb3 27. axb3 d4 28. Rd1 Bd5 29. b4 Rc4 30. Ra1 d3 31. Rd1 Rd4 32. f3 d2 33. Ne4 Bxe4 34. fxe4 Rxb4 35. Rxd2 Rxe4 36. Rd7 a5 37. Rb7 Rb4 38. Kf2 a4 39. g3 a3 40. Ra7 Rb3 41. g4 Kh7 42. h5 Kh6 43. Ke2 b5 44. Ra6+ Kh7 45. g5 Rh3 46. h6 gxh6 47. gxh6 a2 48. Kd2 Rh1 0-1

[Event "European Women Rapid-ch 2023"]
[Site "Monaco"]
[Date "2024.01.14"]
[Round "11.10"]
[White "Krasteva, Beloslava"]
[Black "Bensdorp-De Labaca, Marlies"]
[Result "1/2-1/2"]
[ECO "A92"]
[WhiteElo "2251"]
[BlackElo "2237"]
[Annotator "ChessBase"]
[PlyCount "89"]
[EventDate "2023.12.19"]
[EventType "swiss"]
[EventCountry "MNC"]
[SourceTitle "playchess.com"]
[Source "ChessBase"]
[SourceQuality "1"]
[TimeControl "900+10"]

1. d4 e6 2. c4 f5 3. Nf3 Nf6 4. g3 d5 5. Bg2 Be7 6. O-O Ne4 7. b3 Nc6 8. Bb2 h5 9. Nc3 Bf6 10. Nxe4 dxe4 11. Ne5 Nxe5 12. dxe5 Qxd1 13. Raxd1 Be7 14. f3 exf3 15. exf3 Bd7 16. f4 O-O-O 17. Bd4 a6 18. h4 Bc6 19. Bxc6 bxc6 20. Be3 Kb7 21. Kf2 Bb4 22. Ke2 c5 23. Rd3 Rxd3 24. Kxd3 Kc6 25. Kc2 Rd8 26. Bc1 Rd4 27. a3 Ba5 28. Be3 Rd8 29. Rb1 Bb6 30. Bd2 a5 31. Be3 Rd7 32. Kc3 Rd8 33. Kc2 Rd7 34. Rd1 Rxd1 35. Kxd1 Kb7 36. Kc2 Ka6 37. Kc3 c6 38. Bd2 Kb7 39. Be1 Kc7 40. Kd3 Kb7 41. Ke2 Ka6 42. Kd3 Kb7 43. Bf2 Ka6 44. Kc3 Kb7 45. Kd3 1/2-1/2

[Event "European Women Rapid-ch 2023"]
[Site "Monaco"]
[Date "2024.01.14"]
[Round "11.11"]
[White "Hejazipour, Mitra"]
[Black "Sliwicka, Alicja"]
[Result "0-1"]
[ECO "A34"]
[WhiteElo "2356"]
[BlackElo "2311"]
[Annotator "ChessBase"]
[PlyCount "134"]
[EventDate "2023.12.19"]
[EventType "swiss"]
[EventCountry "MNC"]
[SourceTitle "playchess.com"]
[Source "ChessBase"]
[SourceQuality "1"]
[TimeControl "900+10"]

1. Nf3 c5 2. c4 Nc6 3. e3 e5 4. Nc3 Nf6 5. Be2 d5 6. cxd5 Nxd5 7. Qc2 Be6 8. a3 Be7 9. O-O O-O 10. b3 Rc8 11. Bb2 f6 12. Nxd5 Bxd5 13. Bd3 g6 14. Bc4 Kg7 15. Rfd1 Na5 16. e4 Bxc4 17. bxc4 Nc6 18. d3 Qc7 19. Rab1 Rcd8 20. Nd2 Nd4 21. Bxd4 exd4 22. Qb3 b6 23. a4 Bd6 24. h3 Rb8 25. Rb2 Qe7 26. Nf3 Bc7 27. Qb5 h5 28. Re1 Rbe8 29. Rbe2 Qf7 30. a5 a6 31. Qc6 Re6 32. Qa4 bxa5 33. Rb2 Qe8 34. Qa3 Qc6 35. Reb1 Ree8 36. h4 Kf7 37. Kf1 Rb8 38. Rxb8 Rxb8 39. Rxb8 Bxb8 40. Qxa5 Bc7 41. Qa2 Ke7 42. Nd2 a5 43. Nb1 Qb6 44. Na3 Qb4 45. Nb5 Bf4 46. Na7 Kd7 47. Ke2 a4 48. Nb5 Bc1 49. Kd1 Bb2 50. f4 a3 51. f5 gxf5 52. exf5 Qa4+ 53. Kd2 Qa8 54. Kd1 Qa5 55. Ke2 Kc6 56. g4 hxg4 57. h5 Kd7 58. h6 Qa8 59. h7 Qf3+ 60. Kd2 Qg2+ 61. Kd1 Qf1+ 62. Kd2 Qc1+ 63. Ke2 Qe3+ 64. Kf1 g3 65. Kg2 Qf2+ 66. Kh3 Qh2+ 67. Kg4 g2 0-1

[Event "European Women Rapid-ch 2023"]
[Site "Monaco"]
[Date "2024.01.14"]
[Round "11.12"]
[White "Zimina, Olga"]
[Black "Dornbusch, Tatiana"]
[Result "1/2-1/2"]
[ECO "A46"]
[WhiteElo "2291"]
[BlackElo "2218"]
[Annotator "ChessBase"]
[PlyCount "136"]
[EventDate "2023.12.19"]
[EventType "swiss"]
[EventCountry "MNC"]
[SourceTitle "playchess.com"]
[Source "ChessBase"]
[SourceQuality "1"]
[TimeControl "900+10"]

1. d4 Nf6 2. Nf3 c5 3. c3 g6 4. Nbd2 cxd4 5. cxd4 d5 6. e3 Bg7 7. Bd3 O-O 8. O-O Nc6 9. a3 Bf5 10. Bxf5 gxf5 11. b4 Rc8 12. Bb2 e6 13. Qe2 Ne4 14. Nb3 Qd6 15. Ne1 Ne7 16. Nd3 Nc3 17. Bxc3 Rxc3 18. Nbc5 b6 19. Na4 Rc7 20. Rfc1 Rfc8 21. Qd2 Qd7 22. Nc3 Rc4 23. Nb2 R4c7 24. Ne2 Rxc1+ 25. Rxc1 Rxc1+ 26. Qxc1 Qc8 27. Kf1 Qxc1+ 28. Nxc1 f4 29. Ke2 Nf5 30. Ncd3 fxe3 31. fxe3 Bh6 32. Nd1 Nd6 33. Ne5 a5 34. bxa5 bxa5 35. a4 f6 36. Nc6 Nc4 37. Kd3 f5 38. Nd8 e5 39. dxe5 Nxe5+ 40. Kd4 Nc4 41. Kxd5 Nxe3+ 42. Nxe3 Bxe3 43. Nc6 Bd2 44. Ne7+ Kf7 45. Nxf5 Kf6 46. Ke4 Be1 47. Nd4 Bb4 48. Nc6 Be1 49. Kd5 Kf5 50. Kc5 Ke4 51. Kb5 Ke3 52. Nxa5 Kf2 53. g4 Kg2 54. Nc6 Kxh2 55. Nb4 Kh3 56. g5 Kh4 57. a5 Kxg5 58. a6 Bf2 59. Nd5 Ba7 60. Kc6 h5 61. Kb7 h4 62. Kxa7 h3 63. Nc3 h2 64. Ne4+ Kf4 65. Nf2 Kf3 66. Nh1 Kg2 67. Kb6 Kxh1 68. a7 Kg1 1/2-1/2

[Event "European Women Rapid-ch 2023"]
[Site "Monaco"]
[Date "2024.01.14"]
[Round "11.13"]
[White "Garcia Martin, Marta"]
[Black "Javakhishvili, Lela"]
[Result "1-0"]
[ECO "B06"]
[WhiteElo "2342"]
[BlackElo "2433"]
[Annotator "RC"]
[PlyCount "119"]
[EventDate "2023.12.19"]
[EventType "swiss"]
[EventCountry "MNC"]
[SourceTitle "playchess.com"]
[Source "ChessBase"]
[SourceQuality "1"]
[TimeControl "900+10"]

1. e4 c5 2. Nc3 g6 3. d4 Bg7 4. dxc5 Qa5 5. Bd2 Qxc5 6. Nd5 Na6 7. Rb1 e6 8. Be3 Qa5+ 9. Bd2 Qd8 10. Bc3 Nf6 11. Nxf6+ Bxf6 12. e5 Bg7 13. Nf3 Nc7 14. Bb4 b6 15. Be2 Bb7 16. Bd6 Nd5 17. O-O Ne7 18. Nd4 Nc8 19. Nb5 f5 20. exf6 Qxf6 21. Nc7+ Kf7 22. Nxa8 Bxa8 23. Bg3 d5 24. Bd3 e5 25. Re1 e4 26. Bb5 Ne7 27. Ba4 h5 28. h3 Nf5 29. Bh2 Nh4 30. Bb3 Qf5 31. Bg3 Bf6 32. Qe2 Kg7 33. Rbd1 Rf8 34. c3 Rd8 35. Qd2 Bg5 36. Qd4+ Bf6 37. Qa4 a5 38. Qb5 d4 39. Qxf5 Nxf5 40. Bc7 Rc8 41. Bxb6 dxc3 42. bxc3 Bxc3 43. Rd7+ Kh6 44. Rc1 Bc6 45. Rc7 Rxc7 46. Bxc7 Nd4 47. Bc4 Bb4 48. Bf4+ g5 49. Be3 Nf5 50. Bb6 Ba4 51. Bb3 Bb5 52. Bc4 Ba4 53. Bd5 Bd2 54. Rc4 e3 55. fxe3 Bb5 56. Re4 g4 57. hxg4 hxg4 58. Rxg4 Kh5 59. Re4 Bd3 60. g4+ 1-0

[Event "European Women Rapid-ch 2023"]
[Site "Monaco"]
[Date "2024.01.14"]
[Round "11.14"]
[White "Calzetta Ruiz, Monica"]
[Black "Guichard, Pauline"]
[Result "0-1"]
[ECO "C70"]
[WhiteElo "2241"]
[BlackElo "2385"]
[Annotator "RC"]
[PlyCount "40"]
[EventDate "2023.12.19"]
[EventType "swiss"]
[EventCountry "MNC"]
[SourceTitle "playchess.com"]
[Source "ChessBase"]
[SourceQuality "1"]
[TimeControl "900+10"]

1. e4 e5 2. Nf3 Nc6 3. Bb5 a6 4. Ba4 g6 5. Nc3 Bg7 6. d3 Nge7 7. h4 h6 8. h5 g5 9. Nxg5 hxg5 10. Bxg5 d6 11. h6 Be6 12. Nd5 Bxd5 13. exd5 b5 14. dxc6 bxa4 15. Qh5 Bxh6 16. Rh3 Qb8 17. Rf3 Rh7 18. Bxh6 Qb4+ 19. Bd2 Rh8 20. c3 a3 0-1

[Event "European Women Rapid-ch 2023"]
[Site "Monaco"]
[Date "2024.01.14"]
[Round "11.15"]
[White "Savina, Anastasia"]
[Black "Lazarne Vajda, Szidonia"]
[Result "1-0"]
[ECO "E73"]
[WhiteElo "2340"]
[BlackElo "2283"]
[Annotator "ChessBase"]
[PlyCount "79"]
[EventDate "2023.12.19"]
[EventType "swiss"]
[EventCountry "MNC"]
[SourceTitle "playchess.com"]
[Source "ChessBase"]
[SourceQuality "1"]
[TimeControl "900+10"]

1. d4 Nf6 2. c4 g6 3. Nc3 Bg7 4. e4 d6 5. Be2 O-O 6. h4 c5 7. d5 e6 8. h5 exd5 9. exd5 Re8 10. h6 Bh8 11. Bg5 a6 12. Kf1 b5 13. cxb5 axb5 14. Bxb5 Ba6 15. Bxa6 Nxa6 16. Rh4 Qb6 17. Nge2 Nd7 18. Qd2 Nc7 19. a4 Rab8 20. Rb1 Qa6 21. Kg1 Ne5 22. b3 c4 23. b4 Qb7 24. b5 Ra8 25. b6 Na6 26. Ne4 Qd7 27. Nd4 Nc5 28. Nf6+ Bxf6 29. Bxf6 Rxa4 30. Qg5 Ned3 31. Nc6 Ra2 32. Bd4 Qf5 33. Ne7+ Rxe7 34. Qxe7 Ra8 35. b7 Rb8 36. Qxd6 Na6 37. Ra1 Ndb4 38. Bc3 Qg5 39. Rxc4 Qxh6 40. Rc8+ 1-0

[Event "European Women Rapid-ch 2023"]
[Site "Monaco"]
[Date "2024.01.14"]
[Round "11.16"]
[White "Charkhalashvili, Inga"]
[Black "Zhukova, Natalia"]
[Result "1/2-1/2"]
[ECO "D43"]
[WhiteElo "2239"]
[BlackElo "2301"]
[Annotator "ChessBase"]
[PlyCount "71"]
[EventDate "2023.12.19"]
[EventType "swiss"]
[EventCountry "MNC"]
[SourceTitle "playchess.com"]
[Source "ChessBase"]
[SourceQuality "1"]
[TimeControl "900+10"]

1. d4 Nf6 2. c4 e6 3. Nf3 d5 4. Nc3 dxc4 5. Qa4+ c6 6. Qxc4 b5 7. Qb3 a6 8. Bg5 Nbd7 9. e3 h6 10. Bh4 Qa5 11. Be2 c5 12. O-O Bb7 13. a3 Be7 14. Ne5 Nxe5 15. dxe5 Nd5 16. Bxe7 Nxe7 17. Rfd1 Qc7 18. Bxb5+ Nc6 19. Bxc6+ Bxc6 20. Rd6 O-O 21. Qc2 Rab8 22. Rad1 Rb6 23. Ne2 Bd5 24. b4 Rxd6 25. exd6 Qxd6 26. bxc5 Qe5 27. Qc3 Qg5 28. Nf4 Bf3 29. Rd6 e5 30. h4 Qf5 31. Nd3 Be4 32. Nxe5 Rb8 33. Rb6 Rd8 34. Rd6 Rb8 35. Rb6 Rd8 36. Rd6 1/2-1/2

[Event "European Women Rapid-ch 2023"]
[Site "Monaco"]
[Date "2024.01.14"]
[Round "11.17"]
[White "Schulze, Lara"]
[Black "Gaprindashvili, Nona"]
[Result "1-0"]
[ECO "B22"]
[WhiteElo "2285"]
[BlackElo "2243"]
[Annotator "ChessBase"]
[PlyCount "44"]
[EventDate "2023.12.19"]
[EventType "swiss"]
[EventCountry "MNC"]
[SourceTitle "playchess.com"]
[Source "ChessBase"]
[SourceQuality "1"]
[TimeControl "900+10"]

1. e4 g6 2. d4 c6 3. c4 d5 4. cxd5 cxd5 5. e5 Nh6 6. Nc3 Nc6 7. h3 Nf5 8. Nf3 h5 9. a3 Bh6 10. Bxh6 Rxh6 11. Qd2 Kf8 12. Be2 Kg7 13. O-O f6 14. Rad1 Be6 15. Rfe1 Bf7 16. Bb5 Rc8 17. Qf4 Rh8 18. Re2 Na5 19. Bd3 Nh6 20. Rde1 Nc6 21. Qg3 Re8 22. e6 Rh8 1-0

[Event "European Women Rapid-ch 2023"]
[Site "Monaco"]
[Date "2024.01.14"]
[Round "11.18"]
[White "Movsesian, Julia"]
[Black "Piddubna, Bozhena"]
[Result "0-1"]
[ECO "C45"]
[WhiteElo "2257"]
[BlackElo "2035"]
[Annotator "ChessBase"]
[PlyCount "65"]
[EventDate "2023.12.19"]
[EventType "swiss"]
[EventCountry "MNC"]
[SourceTitle "playchess.com"]
[Source "ChessBase"]
[SourceQuality "1"]
[TimeControl "900+10"]

1. e4 e5 2. Nf3 Nc6 3. d4 exd4 4. Nxd4 Nf6 5. Nxc6 bxc6 6. e5 Qe7 7. Qe2 Nd5 8. h4 a5 9. c4 Nb6 10. h5 h6 11. Nc3 Qe6 12. Be3 Qxe5 13. Rh4 Bb4 14. Bd4 Qxe2+ 15. Bxe2 O-O 16. O-O-O c5 17. Be3 Bxc3 18. bxc3 d6 19. g4 Na4 20. Kc2 Rb8 21. Bc1 Re8 22. Bf3 Bb7 23. Bxb7 Rxb7 24. Rhh1 Kh7 25. f4 Rbb8 26. Rhe1 Nb6 27. Kd3 Nd7 28. Rg1 Re7 29. g5 Rbe8 30. Rg2 hxg5 31. Rdg1 Re1 32. fxg5 Ne5+ 33. Kd2 0-1

[Event "European Women Rapid-ch 2023"]
[Site "Monaco"]
[Date "2024.01.14"]
[Round "11.19"]
[White "De Seroux, Camille"]
[Black "Cramling, Pia"]
[Result "0-1"]
[ECO "A00"]
[WhiteElo "2075"]
[BlackElo "2437"]
[Annotator "RC"]
[PlyCount "91"]
[EventDate "2023.12.19"]
[EventType "swiss"]
[EventCountry "MNC"]
[SourceTitle "playchess.com"]
[Source "ChessBase"]
[SourceQuality "1"]
[TimeControl "900+10"]

1. Nc3 d5 2. Nf3 Nf6 3. d3 g6 4. g3 Bg7 5. Bg2 b6 6. e4 dxe4 7. Ng5 Bb7 8. Ngxe4 Nxe4 9. Nxe4 Qc8 10. O-O O-O 11. Re1 c5 12. Bg5 Nc6 13. c3 Qd7 14. Qe2 Rfe8 15. Rad1 f5 16. Nd2 h6 17. Be3 e5 18. a4 f4 19. Nc4 fxe3 20. fxe3 Rad8 21. e4 Rf8 22. Ne3 Ne7 23. h4 h5 24. Kh2 Bc8 25. Nc4 Qxa4 26. Qe3 Bg4 27. Ra1 Qd7 28. Qg5 Bf6 29. Qh6 Rf7 30. Rf1 Bg7 31. Qg5 Rxf1 32. Rxf1 Qe6 33. Ne3 Rf8 34. Ra1 a5 35. b4 cxb4 36. cxb4 Kh7 37. Nd5 Nxd5 38. exd5 Qd6 39. Qe3 Qxb4 40. Rc1 Qd4 41. Qg5 Rf2 42. Rc7 Qxd5 43. Rxg7+ Kxg7 44. Qe7+ Qf7 45. Qxe5+ Kh7 46. Qe4 0-1

[Event "European Women Rapid-ch 2023"]
[Site "Monaco"]
[Date "2024.01.14"]
[Round "11.20"]
[White "Hunt, Harriet V"]
[Black "Kubicka, Anna"]
[Result "1-0"]
[ECO "B50"]
[WhiteElo "2306"]
[BlackElo "2278"]
[Annotator "ChessBase"]
[PlyCount "87"]
[EventDate "2023.12.19"]
[EventType "swiss"]
[EventCountry "MNC"]
[SourceTitle "playchess.com"]
[Source "ChessBase"]
[SourceQuality "1"]
[TimeControl "900+10"]

1. e4 c5 2. Nf3 d6 3. c3 Nf6 4. h3 Nc6 5. Bd3 g6 6. O-O Bg7 7. Bc2 O-O 8. Re1 e5 9. d3 h6 10. a3 a5 11. a4 Re8 12. Na3 d5 13. exd5 Nxd5 14. Nc4 Bf5 15. Nfd2 b6 16. Qf3 Be6 17. Bb3 Rc8 18. Ne4 Rc7 19. Bd2 Rd7 20. Rad1 Qc7 21. Bc1 f5 22. Ng3 Bf7 23. h4 h5 24. Bg5 Nf6 25. Nf1 e4 26. dxe4 Rxd1 27. Rxd1 Nxe4 28. Bf4 Ne5 29. Nxe5 Bxb3 30. Rd7 Qc8 31. Qd3 Be6 32. Ra7 Rd8 33. Qe3 Bxe5 34. Bxe5 Rd7 35. Rxd7 Qxd7 36. f3 Qd5 37. Qf4 Nf2 38. Kxf2 Qd1 39. Qh6 Kf7 40. Qg7+ Ke8 41. Qxg6+ Kd7 42. Qg7+ Ke8 43. Bf6 Bf7 44. Qh8+ 1-0

[Event "European Women Rapid-ch 2023"]
[Site "Monaco"]
[Date "2024.01.14"]
[Round "11.21"]
[White "Radeva, Viktoria"]
[Black "Hrebenshchykova, Yelyzaveta"]
[Result "0-1"]
[ECO "C55"]
[WhiteElo "2325"]
[BlackElo "2275"]
[Annotator "ChessBase"]
[PlyCount "60"]
[EventDate "2023.12.19"]
[EventType "swiss"]
[EventCountry "MNC"]
[SourceTitle "playchess.com"]
[Source "ChessBase"]
[SourceQuality "1"]
[TimeControl "900+10"]

1. e4 e5 2. Nf3 Nc6 3. Bc4 Nf6 4. d3 Be7 5. O-O O-O 6. a4 d5 7. exd5 Nxd5 8. h3 Kh8 9. Re1 f6 10. a5 b6 11. axb6 Nxb6 12. Bb3 a5 13. Nc3 Bb7 14. Be3 Bb4 15. Nh4 Qe8 16. Qg4 a4 17. Ba2 a3 18. Bc1 Nd4 19. Nf5 Qg6 20. Qxg6 hxg6 21. Ne3 Na4 22. Nxa4 Bxe1 23. Kf1 Rxa4 24. Kxe1 axb2 25. Bxb2 Rfa8 26. Bf7 Rxa1+ 27. Bxa1 Rxa1+ 28. Kd2 Kh7 29. c3 Nf5 30. Ng4 Bxg2 0-1

[Event "European Women Rapid-ch 2023"]
[Site "Monaco"]
[Date "2024.01.14"]
[Round "11.22"]
[White "Papp, Petra"]
[Black "Rudzinska, Michalina"]
[Result "0-1"]
[ECO "B15"]
[WhiteElo "2267"]
[BlackElo "2241"]
[Annotator "ChessBase"]
[PlyCount "90"]
[EventDate "2023.12.19"]
[EventType "swiss"]
[EventCountry "MNC"]
[SourceTitle "playchess.com"]
[Source "ChessBase"]
[SourceQuality "1"]
[TimeControl "900+10"]

1. e4 c6 2. d4 d5 3. Nd2 dxe4 4. Nxe4 Nf6 5. Nxf6+ exf6 6. Bd3 Qxd4 7. Nf3 Qd8 8. O-O Be7 9. Re1 O-O 10. Bf4 c5 11. Qe2 Nc6 12. Rad1 Qb6 13. Nd2 Be6 14. Qh5 g6 15. Qh6 Nb4 16. Nc4 Qa6 17. b3 b5 18. Ne3 Nxd3 19. Rxd3 Rfd8 20. Qh4 Rxd3 21. cxd3 Qa5 22. f3 Rd8 23. Qg3 Rxd3 24. h4 c4 25. bxc4 bxc4 26. Rb1 Rd8 27. Bc7 Qxa2 28. Re1 Rc8 29. h5 Bb4 30. Rd1 Qb3 31. Bf4 Bc5 32. Re1 c3 33. Kh2 c2 34. hxg6 hxg6 35. Ng4 Bd4 36. Qh4 Bxg4 37. Qxg4 Qc3 38. Qg3 Be5 39. Rc1 Qb2 40. Bxe5 Qxc1 41. Qh3 Rc6 42. Qd7 Qh6+ 43. Kg3 Qg5+ 44. Kf2 c1=Q 45. g4 Qcd2+ 0-1

[Event "European Women Rapid-ch 2023"]
[Site "Monaco"]
[Date "2024.01.14"]
[Round "11.23"]
[White "Unuk, Laura"]
[Black "Collado Barbas, Laura"]
[Result "1-0"]
[ECO "D00"]
[WhiteElo "2346"]
[BlackElo "2037"]
[Annotator "ChessBase"]
[PlyCount "60"]
[EventDate "2023.12.19"]
[EventType "swiss"]
[EventCountry "MNC"]
[SourceTitle "playchess.com"]
[Source "ChessBase"]
[SourceQuality "1"]
[TimeControl "900+10"]

1. d4 d5 2. Bf4 e6 3. e3 c5 4. c3 Nd7 5. Nd2 Ngf6 6. Bd3 Be7 7. h4 a6 8. g4 c4 9. Bc2 Nf8 10. g5 N6d7 11. e4 e5 12. Bg3 exd4 13. cxd4 Nb6 14. Qf3 h6 15. gxh6 Rxh6 16. Ne2 Bxh4 17. O-O-O Be6 18. Nf4 Bxg3 19. fxg3 Rxh1 20. Rxh1 Qd7 21. exd5 Nxd5 22. Nxe6 fxe6 23. Rh8 Nf6 24. g4 Qxd4 25. Bg6+ Ke7 26. Qxb7+ N6d7 27. Qxa8 Qg1+ 28. Kc2 Qxg4 29. Qe8+ Kd6 30. Rxf8 Kd5 1-0

[Event "European Women Rapid-ch 2023"]
[Site "Monaco"]
[Date "2024.01.14"]
[Round "11.24"]
[White "Hryshchenko, Kamila"]
[Black "Haussernot, Cecile"]
[Result "0-1"]
[ECO "A04"]
[WhiteElo "2192"]
[BlackElo "2136"]
[Annotator "TA"]
[PlyCount "140"]
[EventDate "2023.12.19"]
[EventType "swiss"]
[EventCountry "MNC"]
[SourceTitle "playchess.com"]
[Source "ChessBase"]
[SourceQuality "1"]
[TimeControl "900+10"]

1. e4 c5 2. Nf3 d6 3. d3 Nc6 4. g3 g6 5. Bg2 Bg7 6. O-O e6 7. c3 e5 8. Ng5 h6 9. Nh3 Be6 10. f4 Qd7 11. Nf2 Nge7 12. Nd2 f5 13. Nf3 O-O 14. Be3 c4 15. Qd2 exf4 16. gxf4 cxd3 17. Qxd3 fxe4 18. Nxe4 Nd5 ({Black should try} 18... Rad8 $11) 19. Rad1 (19. Nh4 $1 $14) 19... Rae8 (19... Nxf4 $11 20. Bxf4 Rxf4) 20. Bc1 (20. Nh4 $1 $16 Nce7 21. Bc1) 20... Nxf4 $11 21. Bxf4 Rxf4 22. Nxd6 Ref8 23. Qxg6 Bg4 24. Ne4 Qc7 25. Nfd2 (25. Ned2 $1 $15) 25... Ne5 26. Qd6 Qxd6 27. Nxd6 Bxd1 28. Rxd1 Nd3 29. N2c4 Nf2 30. Re1 b5 31. Nxb5 R8f5 (31... Rxc4 $2 32. Bd5+ (32. Nxa7 $2 Rg4 $19) 32... Kh8 33. Bxc4 $18) 32. Nbd6 Rg5 33. Ne3 (33. Re3 $11 {remains equal.}) 33... Bf8 34. Ndf5 (34. Ndc4 $142) 34... Rgxf5 $17 35. Nxf5 Rxf5 36. Bd5+ (36. b4 $17 {is a better defense.}) 36... Kg7 37. Be6 Rf6 38. b4 Nd3 39. Re3 Nf4 40. Bb3 Bd6 41. a3 h5 42. c4 Rg6+ 43. Kf1 Ng2 (43... Kf6 $19 {...Rg2 is the strong threat.} 44. c5 Be5) 44. Re2 Nf4 (44... Nh4 $1 $17 45. c5 Rf6+ 46. Ke1 Nf3+ 47. Kd1 Nd4 (47... Bxh2 48. Bd5 $14) 48. Rg2+ Kh6) 45. Re3 $1 $19 Kf6 46. c5 Be5 47. Rg3 Rxg3 48. hxg3 Nd3 ({Black should play} 48... Ne6 $19 49. Bd1 Kg5 (49... Bxg3 $2 50. Bxh5 Ke5 51. Bf7 $19)) 49. Bc4 $17 Nb2 50. Be2 Bxg3 51. Bxh5 Ke5 $1 52. Kg2 $2 {[%emt 0:00:37][%mdl 8192] [#]} (52. Ke2 $17) 52... Bh4 $1 $19 53. b5 $2 {[%emt 0:00:19] [#]} (53. Be2 Bg5 54. Kf1) 53... Bd8 $1 $19 54. b6 a5 (54... axb6 55. cxb6 Ke4 (55... Bxb6 56. Kf3 $15) 56. Kf2 $11) 55. b7 Bc7 56. Bf3 Kd4 (56... Nc4 $142 57. Kf2 Kd4 (57... Nxa3 58. Ke3 $17)) 57. c6 Nc4 58. Kf2 Nxa3 59. Ke2 Kc3 60. Bd5 Nc2 61. Kf3 Nd4+ 62. Ke4 a4 63. Ke3 Nb3 64. Ke4 a3 65. Kf5 a2 66. Ke6 a1=Q ({And not} 66... a1=B 67. Kd7 Kb4 68. Kxc7 Be5+ 69. Kc8 $11) 67. Kd7 Qa5 68. Bxb3 Kxb3 69. Kc8 Qb6 70. Kd7 Kc4 0-1